 Dungeon Crawl Stone Soup version 0.30-a0-394-g3e4acdb0ae (webtiles) character file.

Game seed: 6569150665019848835

1317 kae the Ruffian (level 8, -1/70 HPs)
             Began as a Grey Draconian Transmuter on Dec 6, 2022.
             Slain by an ogre
             ... wielding a +0 giant club
              (30 damage)
             ... on level 5 of the Dungeon.
             The game lasted 00:05:19 (4709 turns).

kae the Ruffian (Grey Draconian Transmuter)         Turns: 4709, Time: 00:05:20

Health: -1/70      AC:  7    Str: 13    XL:     8   Next: 33%
Magic:  10/15      EV: 10    Int: 16    God:
Gold:   233        SH:  0    Dex: 11    Spells: 6/16 levels left

rFire   x . .      SeeInvis .      - Unarmed
rCold   + + +      Faith    .    (shield currently unavailable)
rNeg    . . .      Spirit   .    (body armour unavailable)
rPois   +          Reflect  .    (helmet currently unavailable)
rElec   .          Harm     .    (cloak currently unavailable)
rCorr   .          Rampage  .    (gloves currently unavailable)
Will    .....                    (boots currently unavailable)
Stlth   +.........               (no amulet)
HPRegen 0.31/turn                Z - ring of wizardry
MPRegen 0.14/turn                C - ring of protection from cold

@: ice-form, wereblooded
A: freezing attack, boosted hp, AC +11, amphibious, large, unfitting armour,
(cold-blooded)
a: End Transformation


You were on level 5 of the Dungeon.
You were a creature of crystalline ice.
You visited 1 branch of the dungeon, and saw 5 of its levels.
You also visited: Sewer.

You collected 233 gold pieces.


Innate Abilities, Weirdness & Mutations

You are a creature of crystalline ice.
You have a powerful freezing melee attack.
Your maximum health is increased.
Your armour is entirely melded.
You are incapable of wielding weapons or throwing items.
((Your dull iron-grey scales are very hard. (AC +11)))
You are amphibious.
You cannot fit into any form of body armour.
((You are cold-blooded and may be slowed by cold attacks.))


   Skills:
 - Level 1.1 Fighting
 - Level 1.7 Dodging
 + Level 5.5 Unarmed Combat
 + Level 4.7 Spellcasting
 + Level 5.4 Transmutations
 * Level 4.7 Ice Magic
 - Level 2.4 Poison Magic


You had 6 spell levels left.
You knew the following spells:

 Your Spells              Type           Power      Damage    Failure   Level
a - Beastly Appendage     Tmut           42%        N/A       1%          1
b - Wereblood             Tmut           21%        N/A       1%          2
c - Spider Form           Tmut/Pois      16%        N/A       4%          3
d - Ice Form              Ice/Tmut       20%        N/A       8%          4

Your spell library contained the following spells:

 Spells                   Type           Power      Damage    Failure   Level
 Freeze                   Ice            72%        1d8       1%          1
 Frozen Ramparts          Ice            36%        1d6       2%          3
 Foxfire                  Conj/Fire      12%        2x1d4     6%          1
 Hailstorm                Conj/Ice       11%        3d5       8%          3
 Call Canine Familiar     Summ           3%         N/A       19%         3
 Portal Projectile        Hex/Tloc       6%         N/A       19%         3
 Leda's Liquefaction      Hex/Erth       1%         N/A       50%         4
 Fireball                 Conj/Fire      1%         3d3       83%         5
 Starburst                Conj/Fire      1%         6d3       100%        6

Inventory:

Hand Weapons
 g - the +6 demon whip of the Grinning Gods (melded) {pain, Fly}
   (You found it on level 2 of the Dungeon)

   In the hands of one skilled in necromantic magic, it inflicts extra damage on
   living creatures.
   Fly:       It grants you flight.
Missiles
 c - 4 javelins
 d - 41 stones
 i - 2 throwing nets {=f!f}
 j - 16 poisoned darts
Jewellery
 A - an amulet of the acrobat
   (You found it on level 4 of the Dungeon)
 C - a ring of protection from cold (right front paw)
   (You found it on level 2 of the Dungeon)
 Z - a ring of wizardry (left front paw)
   (You found it on level 2 of the Dungeon)
Scrolls
 b - 2 scrolls of amnesia
 h - 2 scrolls of poison {unknown}
 k - 4 scrolls of enchant weapon
 o - a scroll of teleportation {@r4}
Potions
 a - 2 potions of lignification {!q}
 e - 2 potions of magic {unknown}
 f - 3 potions of mutation {unknown}
 m - a potion of resistance {unknown}
 n - a potion of brilliance
 p - a potion of curing {@q1}
 q - 2 potions of flight
 r - a potion of berserk rage {!q}

Dungeon Overview and Level Annotations

Branches:
Dungeon (5/15) Zot: 26125   Sewer (visited)
 Temple: D:4-7

Altars:
Ashenzari
Dithmenos
Hepliaklqana
Kikubaaqudgha
Wu Jian
Zin
The Shining One

#.....##.#..# #.....##.#..#
#.....##.#..# #.....#.....##
##............###### #
##......#..##.###.#.# .#
##.......#...........#
..######........#####.##..###
.......(........Y.)...##..#
................O5######..#
................#.........#
.....)..........#..####...#
................##...##...#####..
................# ##.............
................# ###..#.###....
................# #...........
............... ##...####...


You could see an ogre and a shadow imp.


Message History

The orc attacks as you move away!
The orc closely misses you. 😮 HP[+1] MP[+1]
The orc attacks as you move away!
The orc hits you with a +0 hand axe. 😮 HP[-5]
You take 5 damage, and now have 42/70 hp.
The orc attacks as you move away!
The orc hits you with a +0 club. 😮 HP[-1]
You take 1 damage, and now have 41/70 hp.
You punch the scorpion! You freeze the scorpion.
The scorpion barely misses you.
Casting: Ice Form (dangerous; 10% risk of failure)
Confirm with . or Enter, or press ? or * to list all spells.
Your blood is infused with primal strength.
The scorpion completely misses you.
The scorpion stings you but does no damage.
The scorpion stings you. 😮 HP[-2] MP[-2]
You take 2 damage, and now have 39/70 hp.
You lost 2 mp, and now have 11/14 mp.
You punch the scorpion! You freeze the scorpion.
You feel a bit better.
You kill the scorpion! 😮 HP[+3] MP[+1]
You regained 3 hp, and now have 42/70 hp.
You hit the orc. You freeze the orc. The orc hits you but does no damage.
You punch the orc! You freeze the orc.
You feel a bit better.
You kill the orc!
You howl as the wereblood boils in your veins! 😮 HP[+4]
You regained 4 hp, and now have 46/70 hp.
You punch the orc! You freeze the orc.
You feel a bit better.
You kill the orc!
Your transformation is almost over. 😮 HP[+1]
You barely miss the orc. The orc barely misses you.
You hit the orc. You freeze the orc.
You howl as the wereblood boils in your veins!
You punch the orc! You freeze the orc.
You feel a bit better.
You kill the orc! 😮 HP[+3]
You regained 3 hp, and now have 50/70 hp.
You punch the orc! You freeze the orc.
You feel a bit better.
You kill the orc! 😕 HP[+3]
You regained 3 hp, and now have 53/70 hp.
You punch the necrophage!
The necrophage hits you. 😮 HP[-2] MP[+1]
You take 2 damage, and now have 51/70 hp.
Casting: Wereblood (safe; 1% risk of failure)
Confirm with . or Enter, or press ? or * to list all spells.
You extend your transformation's duration.
The necrophage hits you but does no damage.
The necrophage barely misses you. 😮 HP[+1] MP[-4]
You lost 4 mp, and now have 9/14 mp.
Unknown command.
You punch the necrophage! You freeze the necrophage.
You feel a bit better.
You destroy the necrophage!
The shadow imp gestures at you. Pain shoots through your body! 😮 HP[-6]
You take 6 damage, and now have 46/70 hp.
You hit the ice beast. The ice beast closely misses you.
You barely miss the ice beast. The ice beast hits you.
The ice beast freezes you. You resist. 😮 HP[-1]
You take 1 damage, and now have 45/70 hp.
You hit the ice beast.
The ice beast hits you but does no damage.
You hit the ice beast.
The ice beast hits you but does no damage. 😮 MP[+1]
You punch the ice beast! The ice beast hits you. The ice beast freezes you.
You resist. 😮 HP[-5]
You take 5 damage, and now have 40/70 hp.
You punch the ice beast!
You feel a bit better.
You kill the ice beast! 😮 HP[+3]
You regained 3 hp, and now have 43/70 hp.
The shadow imp hits you. The dart slug barely misses you.
Items here: )))) [[[[ †††. 😮 HP[-1]
You take 1 damage, and now have 42/70 hp.
Unknown command.
You pummel the dart slug!! You freeze the dart slug.
You feel a bit better.
You kill the dart slug!
The shadow imp hits you but does no damage. 😮 HP[+1]
The shadow imp gestures at you.
You struggle to resist. 😮 HP[+1]
The ogre hits you with a +0 giant club!
* * * LOW HITPOINT WARNING * * *
The shadow imp closely misses you. 😨 HP[-15]
You take 15 damage, and now have 29/70 hp.
MASSIVE DAMAGE!! (PAUSE)
You hit the ogre. You freeze the ogre. The shadow imp barely misses you.
The ogre hits you with a +0 giant club!!
You die...

Skill      XL: |  1  2  3  4  5  6  7  8 |
---------------+-------------------------+-----
Transmutations | 3 4 5 |  5.4
Poison Magic   | 1 2 |  2.4
Spellcasting   | 3 4 |  4.7
Unarmed Combat | 4 5 |  5.5
Ice Magic      | 3 4 |  4.7
Fighting       | |  1.1
Dodging        | |  1.7

Action                   |  1- 3 |  4- 6 |  7- 9 || total
-------------------------+-------+-------+-------++-------
Melee: Unarmed           |    74 |    41 |    73 ||   188
       Headbutt          |    13 |    15 |       ||    28
       Kick              |    28 |    18 |       ||    46
       Tailslap          |     8 |     7 |       ||    15
       Demon whip        |    19 |   118 |       ||   137
       Punch             |     3 |     4 |       ||     7
 Cast: Beastly Appendage |    26 |    26 |       ||    52
       Ice Form          |       |     3 |     8 ||    11
       Spider Form       |       |     1 |     9 ||    10
       Wereblood         |       |       |     1 ||     1
  Use: Scroll            |     3 |     9 |       ||    12
 Stab: Sleeping          |     1 |       |     1 ||     2
Armor: Skin              |    28 |    34 |    21 ||    83
Dodge: Dodged            |    58 |    83 |    42 ||   183

Levels and vault maps discovered:
D:1:      wander_arrival_desolate, layout_basic,
          dilly_ecumenical_altar_fadedgnrine
D:2:      layout_rooms, basic_altar, grunt_ministairs_14, minmay_misc_feat_alley
D:3:      layout_rooms, nicolae_hepliaklqana_hazy_memory, grunt_dithmenos_smoke,
          mainiacjoe_overflow_paths, mainiacjoe_overflow_catwalk_spiral,
          cheibrodos_sewer_entry_drain
D:4:      cheibrodos_old_hovel, layout_gridville, minmay_door_square, uniq_pikel
D:5:      layout_basic, tgw_xom, mainiacjoe_overflow_large_starburst,
          nicolae_uskayaw_murder_on_the_dancefloor, patterned_corridor,
          uniq_ijyb

Notes
Turn   | Place    | Note
-------+----------+-------------------------------------------
     0 | D:1      | kae the Draconian Transmuter began the quest for the Orb.
     0 | D:1      | Reached XP level 1. HP: 16/16 MP: 3/3
     0 | D:1      | magus.rc [v1.11.3]
   158 | D:1      | Reached XP level 2. HP: 23/23 MP: 3/5
   336 | D:1      | You pick up a book of Frost and begin reading...
   336 | D:1      | You add the spells Freeze, Frozen Ramparts and Hailstorm to
                  | your library.
   663 | D:1      | Found a faded altar of an unknown god.
   756 | D:1      | Learned a level 2 spell: Wereblood
   864 | D:2      | Reached skill level 3 in Transmutations
   864 | D:2      | Reached XP level 3. HP: 28/28 MP: 4/6
   890 | D:2      | Learned a level 3 spell: Spider Form
   932 | D:2      | Found an ornate altar of the Wu Jian Council.
  1125 | D:2      | Identified the +6 demon whip of the Grinning Gods {pain,
                  | Fly}
  1382 | D:3      | Found a glowing drain.
  1399 | Sewer    | Entered a sewer
  1427 | Sewer    | Reached XP level 4. HP: 35/35 MP: 5/7
  1523 | Sewer    | Reached skill level 1 in Poison Magic
  1746 | Sewer    | Noticed a kobold brigand
  1757 | Sewer    | Killed a kobold brigand
  1758 | Sewer    | Reached skill level 3 in Spellcasting
  1758 | Sewer    | Reached XP level 5. HP: 29/40 MP: 9/9
  1908 | Sewer    | Reached skill level 4 in Unarmed Combat
  1908 | Sewer    | Reached skill level 2 in Poison Magic
  2024 | Sewer    | Reached skill level 4 in Transmutations
  2024 | Sewer    | Reached XP level 6. HP: 29/47 MP: 10/10
  2274 | D:3      | Found a glowing silver altar of Zin.
  2288 | D:3      | Found an ancient bone altar of Kikubaaqudgha.
  2349 | D:3      | Found a hazy altar of Hepliaklqana.
  2619 | D:3      | You pick up a book of the Hunter and begin reading...
  2619 | D:3      | You add the spells Call Canine Familiar, Portal Projectile
                  | and Leda's Liquefaction to your library.
  2705 | D:3      | Found a shadowy altar of Dithmenos.
  2777 | D:3      | Found a broken altar of Ashenzari.
  2925 | D:3      | Learned a level 4 spell: Ice Form
  3132 | D:4      | You pick up a book of Fire and begin reading...
  3132 | D:4      | You add the spells Foxfire, Fireball and Starburst to your
                  | library.
  3283 | D:4      | Reached skill level 1 in Ice Magic
  3305 | D:4      | HP: 14/56 [lemure[Pikel] (3)]
  3320 | D:4      | Noticed Pikel
  3446 | D:4      | Killed Pikel
  3447 | D:4      | Reached skill level 5 in Unarmed Combat
  3447 | D:4      | Reached skill level 4 in Spellcasting
  3447 | D:4      | Reached skill level 3 in Ice Magic
  3447 | D:4      | Your scales start taking on a dull iron-grey colour.
  3447 | D:4      | Reached XP level 7. HP: 42/52 MP: 8/13
  3781 | D:4      | Reached skill level 5 in Transmutations
  4358 | D:5      | Entered Level 5 of the Dungeon
  4368 | D:5      | Reached XP level 8. HP: 59/59 MP: 10/14
  4439 | D:5      | Noticed Ijyb
  4442 | D:5      | Found a glowing golden altar of the Shining One.
  4486 | D:5      | Reached skill level 4 in Ice Magic
  4520 | D:5      | Killed Ijyb
  4709 | D:5      | Slain by an ogre

Vanquished Creatures
  Pikel (D:4)
  An ice beast (D:5)
  3 lemures (D:4)
  2 kobold brigands (Sewer)
  A necrophage (D:5)
  2 scorpions (D:5)
  A hound (D:4)
  An orc priest (D:4)
  An orc wizard (D:4)
  Ijyb (D:5)
  2 iguanas (D:5)
  4 gnolls (D:4)
  A river rat (Sewer)
  10 adders
  A shadow imp (D:5)
  8 worms
  4 dart slugs
  15 orcs
  9 ball pythons
  2 bats
  14 endoplasms
  4 giant cockroaches
  10 goblins
  5 hobgoblins
  2 jackals (D:1)
  4 quokkas
  2 frilled lizards
  17 kobolds
  10 rats
138 creatures vanquished.

Vanquished Creatures (others)
  3 plants (D:3)
3 creatures vanquished.

Grand Total: 141 creatures vanquished

Table legend:
 A = Non-vault XP
 B = Vault XP
 C = Vault XP percentage of total XP
 D = Non-vault monster count
 E = Vault monster count
 F = Vault count percentage of total count
                 A         B        C        D         E       F
            +---------+---------+-------+---------+---------+-------
      Total |     869 |    1013 |  53.8 |      99 |      36 |  26.7
            +---------+---------+-------+---------+---------+-------
        D:1 |      35 |       0 |   0.0 |      20 |       0 |   0.0
        D:2 |      48 |       3 |   5.9 |      20 |       2 |   9.1
        D:3 |      73 |       4 |   5.2 |      22 |       3 |  12.0
        D:4 |     238 |     645 |  73.0 |      24 |       2 |   7.7
        D:5 |     475 |      35 |   6.9 |      13 |       1 |   7.1
      Sewer |       0 |     326 | 100.0 |       0 |      28 | 100.0
            +---------+---------+-------+---------+---------+-------

Illustrated notes

Table legend:
 A = Kills in this place as a percentage of kills in entire the game.
 B = Kills by you in this place as a percentage of kills by you in the entire game.
 C = Kills by friends in this place as a percentage of kills by friends in the entire game.
 D = Other kills in this place as a percentage of other kills in the entire game.
 E = Experience gained in this place as a percentage of experience gained in the entire game.
 F = Experience gained in this place divided by the number of levels of this place that you have seen.
                   A       B       C       D       E      F
               +-------+-------+-------+-------+-------+----------------------
         Total | 100.0 | 100.0 |   N/A |   N/A | 100.0 | 313.7
       Dungeon |  79.3 |  79.3 |   N/A |   N/A |  82.7 | 311.2
         Sewer |  20.7 |  20.7 |   N/A |   N/A |  17.3 | 326.0
               +-------+-------+-------+-------+-------+----------------------

Table legend: (Time is in decaauts)
 A = Elapsed time spent in this place.
 B = Non-inter-level travel time spent in this place.
 C = Inter-level travel time spent in this place.
 D = Time resting spent in this place.
 E = Time spent auto-exploring this place.
 F = Levels seen in this place.
 G = Mean time per level.
                   A        B        C        D        E       F      G
               +--------+--------+--------+--------+--------+-----+--------+
         Total |   4711 |   4597 |    114 |     67 |   3568 |   6 |  785.2 |
       Dungeon |   3873 |   3759 |    114 |     67 |   2932 |   5 |  774.6 |
         Sewer |    838 |    838 |      0 |      0 |    636 |   1 |  838.0 |
               +--------+--------+--------+--------+--------+-----+--------+

Top non-repeatable levels by time:
     D:4: 1320 daAuts
     D:3: 886 daAuts
   Sewer: 838 daAuts
     D:1: 805 daAuts
     D:2: 561 daAuts
     D:5: 299 daAuts
